 Dungeon Crawl Stone Soup version 0.31-a0-166-g46f44d267d (webtiles) character file.

Game seed: 16915880262088254660

30 qw the Shield-Bearer (level 3, -9/23 HPs)
             Began as a Gargoyle Fighter on June 13, 2023.
             Mangled by Terence
             ... wielding the +7 Throatcutter {drain, coup de grace}
              (12 damage)
             ... on level 2 of the Dungeon.
             The game lasted 00:00:33 (900 turns).

qw the Shield-Bearer (Gargoyle Fighter)              Turns: 900, Time: 00:00:34

Health: -9/23      AC: 12    Str: 21    XL:     3   Next: 18%
Magic:  3/3        EV:  7    Int:  8    God:
Gold:   91         SH:  4    Dex:  9    Spells: 2/2 levels left

rFire   . . .        Y - +0 war axe
rCold   . . .        c - +0 buckler
rNeg    + . .        i - +0 chain mail
rPois   inf          (no helmet)
rElec   +            (no cloak)
rCorr   .            (no gloves)
SInv    .            (no boots)
Will    .....        (no amulet) Stlth
                     (no ring)
HPRegen 0.23/turn    (no ring)
MPRegen 0.08/turn

%: no passive effects
@: no status effects
A: sickness immunity, AC +3, negative energy resistance 1, electricity
resistance, torment resistance 1, petrification resistance
a: no special abilities


You were on level 2 of the Dungeon.
You visited 1 branch of the dungeon, and saw 2 of its levels.

You collected 102 gold pieces.
You spent 11 gold pieces at shops.


Innate Abilities, Weirdness & Mutations

You are immune to sickness and miasma.
Your stone body is resilient. (AC +3)
You are immune to poison.
You resist negative energy. (rN+)
You are resistant to electric shocks. (rElec)
You are resistant to unholy torment.
You are immune to petrification.


   Skills:
 - Level 3.2 Fighting
 + Level 3.2 Axes
 - Level 3.2 Armour
 - Level 3.2 Shields


You had 2 spell levels left.
You didn't know any spells.
Your spell library was empty.

Inventory:

Hand Weapons
 j - a +0 club
 Y - a +0 war axe (weapon)
Armour
 c - a +0 buckler (worn)
 i - a +0 chain mail (worn)
Scrolls
 a - a scroll of immolation {unknown}
Potions
 d - a potion of might
 l - a potion of curing {unknown}
 m - a potion of haste

Dungeon Overview and Level Annotations

Branches:
Dungeon (2/15)

Altars:

Shops:
D:1 *

Annotations:
D:2 Terence


Message History

You slash the plant!
The plant is lightly damaged.
You hit the plant. The gnoll closely misses you. The gnoll barely misses you.
The gnoll hits the plant with a +0 halberd!
The plant begins to die.
The gnoll hits you from afar with a +0 spear.
Terence the Incautious comes into view.
He is wielding the +7 Throatcutter {drain, coup de grace}.
The gnoll hits you from afar with a +0 halberd.
Terence shouts!
You hit the plant.
The plant is lightly damaged.
You hit the plant.
A nearby plant withers and dies. x2
The gnoll hits the plant with a +0 halberd!
The gnoll closely misses you. The gnoll barely misses you.
The gnoll hits you but does no damage. The gnoll hits you with a +0 halberd.
The gnoll hits you but does no damage.
Enter note: You barely miss the gnoll.
You hit the gnoll but do no damage. You hit the plant.
You block the gnoll's attack. The gnoll hits you with a +0 halberd.
The gnoll hits you but does no damage.
You closely miss the gnoll. You hit the gnoll. You slash the plant!
A nearby plant withers and dies.
The gnoll hits you from afar with a +0 halberd.
The gnoll barely misses you.
The gnoll hits you from afar with a +0 halberd.
You block the gnoll's attack.
Terence hits you with the +7 Throatcutter {drain, coup de grace}.
You block the gnoll's attack.
You barely miss the gnoll.
The gnoll is heavily wounded.
You closely miss the gnoll. You hit Terence.
The gnoll hits you from afar with a +0 halberd.
You block the gnoll's attack.
Terence says, "Rest in peace."
Terence hits you with the +7 Throatcutter {drain, coup de grace}!
Ouch! That really hurt!
You die...

#.....# ...... #.....#
......####.....#
........##.....#
..PP..P..#.....#
.PP..PPP.#.....#
..P..P.P.......#
.....Pg........#########
.P...g.@................
.PP...@g.#.........####.
.........####......# #.
#.......## #......# #.
....##.## ##......####.
.... .. .............
... ### #############.
.. #. ####.


You could see Terence and 3 gnolls.

Vanquished Creatures
  A dart slug (D:1)
  3 ball pythons (D:1)
  7 bats
  3 endoplasms (D:1)
  A giant cockroach (D:1)
  A goblin (D:1)
  A hobgoblin (D:1)
  2 quokkas (D:1)
  3 frilled lizards
  A kobold (D:1)
  3 rats (D:1)
26 creatures vanquished.

Notes
Turn   | Place    | Note
-------+----------+-------------------------------------------
     0 | D:1      | qw the Gargoyle Fighter began the quest for the Orb.
     0 | D:1      | Reached XP level 1. HP: 14/14 MP: 1/1
     0 | D:1      | 0 ||| qw: Version: 0.2-a-29-gc1b59c4
     0 | D:1      | 0 ||| qw: Game counter: 4849
     0 | D:1      | 0 ||| qw: Always use a shield: true
     0 | D:1      | 0 ||| qw: God list: Okawaru
     0 | D:1      | 0 ||| qw: Allow faded altars: false
     0 | D:1      | 0 ||| qw: Do Orc after D:15 true
     0 | D:1      | 0 ||| qw: Do second Lair branch before Depths: true
     0 | D:1      | 0 ||| qw: Lair rune preference: random
     0 | D:1      | 0 ||| qw: Plans: Normal, Zot:1-4, Slime:5, God:TSO, Crypt,
                  | Tomb, Abyss, Pan, Hells, Win
     0 | D:1      | 0 ||| PLANNING D:1-11
   152 | D:1      | Reached XP level 2. HP: 15/19 MP: 2/2
   152 | D:1      | 152 ||| FLEEEEING.
   153 | D:1      | 153 ||| FLEEEEING.
   154 | D:1      | 154 ||| FLEEEEING.
   155 | D:1      | 155 ||| FLEEEEING.
   156 | D:1      | 156 ||| FLEEEEING.
   157 | D:1      | 157 ||| FLEEEEING.
   159 | D:1      | 159 ||| FLEEEEING.
   160 | D:1      | 160 ||| FLEEEEING.
   161 | D:1      | 161 ||| FLEEEEING.
   162 | D:1      | 162 ||| FLEEEEING.
   326 | D:1      | Found Vuulahoq's General Store.
   329 | D:1      | 329 ||| BUYING +0 club (11 gold).
   329 | D:1      | Bought a +0 club for 11 gold pieces
   329 | D:1      | 329 ||| SHOPLISTING potion of haste (110 gold, have 26).
   329 | D:1      | 329 ||| SHOPLISTING potion of lignification (33 gold, have
                  | 26).
   329 | D:1      | 329 ||| SHOPLISTING potion of magic (88 gold, have 26).
   630 | D:1      | Reached skill level 3 in Axes
   688 | D:1      | Reached XP level 3. HP: 23/23 MP: 3/3
   758 | D:1      | 758 ||| UPGRADING to +0 chain mail.
   768 | D:1      | 768 ||| DROPPING +0 scale mail.
   769 | D:1      | 769 ||| READING 2 scrolls labelled ZIKLOR YXINK.
   770 | D:1      | 770 ||| READING scroll labelled ISATOSSUOPP.
   771 | D:1      | 771 ||| READING scroll labelled HURE POCOCS.
   772 | D:1      | 772 ||| READING scroll labelled WUNNEENUT.
   773 | D:1      | 773 ||| READING scroll labelled ASUIDWAQYLA.
   774 | D:1      | 774 ||| DRINKING 2 white potions.
   775 | D:1      | 775 ||| DROPPING scroll of fear.
   841 | D:2      | Found a faded altar of an unknown god.
   895 | D:2      | Noticed Terence
   899 | D:2      | HP: 4/23 [Terence/the +7 Throatcutter {drain, coup de
                  | grace} (3)]
   900 | D:2      | Mangled by Terence

Levels and vault maps discovered:
D:1:      beargit_arrival_diablo_church, layout_basic, serial_shops,
          nicolae_shop_real_fake_doors, minmay_misc_feat_rugged
D:2:      minmay_chambers_of_ones, layout_basic, basic_ecumenical_altar,
          minmay_misc_feat_square, nicolae_grassy_gnolls, uniq_terence,
          uniq_jessica

Skill      XL: |  1  2 |
---------------+-------+-----
Axes           | 2 3 |  3.2
Fighting       | |  3.2
Armour         | |  3.2
Shields        | |  3.2

Action                     || total
---------------------------++-------
  Melee: War axe           ||    83
    Use: Scroll            ||     5
         Potion            ||     1
 Armour: Scale mail        ||    32
         Chain mail        ||    18
  Dodge: Dodged            ||    35
  Block: Buckler           ||    22

Table legend:
 A = Non-vault XP
 B = Vault XP
 C = Vault XP percentage of total XP
 D = Non-vault monster count
 E = Vault monster count
 F = Vault count percentage of total count
                 A         B        C        D         E       F
            +---------+---------+-------+---------+---------+-------
      Total |      43 |       0 |   0.0 |      26 |       0 |   0.0
            +---------+---------+-------+---------+---------+-------
        D:1 |      37 |       0 |   0.0 |      22 |       0 |   0.0
        D:2 |       6 |       0 |   0.0 |       4 |       0 |   0.0
            +---------+---------+-------+---------+---------+-------
